 Dungeon Crawl Stone Soup version 0.18.1-6-gd335043 (webtiles) character file.

4082 Gorice the Carver (level 10, -2/67 HPs)
             Began as a Human Skald on May 17, 2016.
             Was an Initiate of the Shining One.
             Slain by Erica
             ... wielding a +2 scimitar of flaming
              (3 damage)
             ... on level 8 of the Dungeon on May 18, 2016.
             The game lasted 00:55:06 (11421 turns).

Gorice the Carver (Human Skald)                    Turns: 11421, Time: 00:55:06

Health: -2/67      AC: 14    Str: 16    XL:     10   Next: 49%
Magic:  13/13      EV:  7    Int: 13    God:    the Shining One [......]
Gold:   203        SH:  0    Dex: 12    Spells: 1 memorised, 12 levels left

rFire  . . .     SeeInvis .     P - +2 short sword (freeze) (curse)
rCold  . . .     Gourm    .     l - +1 chain mail
rNeg   + . .     Faith    .     (no shield)
rPois  .         Spirit   .     t - +0 helmet
rElec  .         Dismiss  +     (no cloak)
rCorr  .         Reflect  .     E - +0 pair of gloves
SustAt .         Harm     .     (no boots)
MR     .....                    m - amulet of dismissal
Stlth  ..........               (no ring)
                                u - ring of positive energy

@: confused, lethally poisoned (-2 -> -8), very slightly contaminated, hasted
and slowed, glowing, not resistant to hostile enchantments, extremely unstealthy
A: no striking features
a: Renounce Religion


You were on level 8 of the Dungeon.
You worshipped the Shining One.
The Shining One was noncommittal.
You were very hungry.

You visited 2 branches of the dungeon, and saw 9 of its levels.
You also visited: Sewer.

You collected 398 gold pieces.
You spent 195 gold pieces at shops.

Inventory:

Hand Weapons
 a - a +3 dagger of electrocution
   (You took it off a goblin on level 2 of the Dungeon)
 b - a +0 falchion
 p - a cursed -3 scimitar
 q - a cursed -2 great sword
 B - a +0 blowgun
 M - a +0 long sword
 P - a cursed +2 short sword of freezing (weapon)
   (You took it off a wight on level 7 of the Dungeon)
Missiles
 f - 102 bolts
 y - 10 tomahawks (quivered)
 I - 24 sling bullets
 Q - 2 steel tomahawks
 Y - 2 throwing nets
 Z - 142 stones
Armour
 i - a +2 leather armour of cold resistance
   (You took it off an orc on level 7 of the Dungeon)
 l - a +1 chain mail (worn)
 n - a +1 scale mail of fire resistance
   (You took it off an orc on level 4 of the Dungeon)
 t - a +0 helmet (worn)
 E - a +0 pair of gloves (worn)
 L - a +0 plate armour
Magical Staves
 k - an uncursed staff of fire {unknown}
Jewellery
 m - an amulet of dismissal (around neck)
 u - a ring of positive energy (left hand)
Wands
 F - a wand of flame (24/48)
 J - a wand of confusion (5/48)
 K - a wand of lightning (7/15)
Scrolls
 e - 2 scrolls of teleportation {!r}
 s - a scroll of fog
 O - a scroll of silence {!r}
Potions
 w - 6 potions of flight
 x - a potion of curing
 z - 2 potions of agility {!q}
 A - 3 potions of brilliance {!q}
 C - a potion of heal wounds {!q}
 D - a potion of degeneration {unknown}
 G - a potion of haste {!q}
 N - a potion of magic {unknown}
Books
 c - a book of Battle
 o - a book of Enchantments
Comestibles
 d - 9 bread rations {!e}
 g - 4 meat rations {!e}
 h - a beef jerky
 j - 5 fruits


   Skills:
 - Level 2.0 Fighting
 * Level 12.3 Long Blades
 + Level 7.5 Armour
 - Level 1.0 Dodging
 - Level 2.0 Spellcasting
 - Level 3.0 Charms


You had 12 spell levels left.
You knew the following spells:

 Your Spells              Type           Power        Failure   Level  Hunger
a - Infusion              Chrm           #...         86%         1    ##.....


Dungeon Overview and Level Annotations

Branches:
Dungeon (8/15)             Temple (1/1) D:7
   Lair: D:8-11

Altars:
Ashenzari
Cheibriados
Dithmenos
Elyvilon
Fedhas
Gozag
Kikubaaqudgha
Makhleb
Nemelex Xobeh
Pakellas
Qazlal
Ru
Sif Muna
Trog
Vehumet
Xom
Yredelemnul
Zin
The Shining One

Shops:
D:7 !}

Annotations:
D:3 UX: Grinder!, Grinder, Jessica
D:6 Grum
D:8 Erica, Prince Ribbit


Message History

You puncture Erica! You freeze Erica.
Erica is severely wounded.
Erica completely misses you.
You hit Erica but do no damage.
Erica is severely wounded.
Erica gestures at you while chanting. The orb of energy hits you!
The orb of energy explodes!
Damage: 21 (max 21) Unknown command.
Unknown command.
Unknown command.
Drink which item? (? for menu, Esc to quit)
Really quaff
G - 2 potions of haste {!q}?
You feel yourself speed up. Erica gestures at you while chanting.
The bolt of poison hits you!
You are poisoned.
* * * LOW HITPOINT WARNING * * *
You are very lightly contaminated with residual magic.
Damage: 16 (max 21) Unknown command.
Unknown command.
You barely miss Erica.
Erica is severely wounded.
You feel sick. Erica barely misses you.
Damage: 1 (max 21)
You hit Erica. You freeze Erica.
Erica is severely wounded.
You feel sick.
Damage: 1 (max 21)
You hit Erica. You freeze Erica.
Erica is severely wounded.
You feel sick. Erica casts a spell at you.
You are confused.
Damage: 1 (max 21)
You bump into the rock wall.
You feel sick. Erica hits you but does no damage.
Damage: 1 (max 21)
You bump into the rock wall.
You feel sick. Erica hits you but does no damage.
You closely miss Erica.
Erica is severely wounded.
You feel sick.
Damage: 1 (max 21)
You feel sick.
Damage: 1 (max 21) You're too confused to move!
You feel sick.
Erica hits you with a scimitar of flaming!
* * * LOW HITPOINT WARNING * * *
Erica burns you.
You die...

.........................>......#
##...........#.........##.....)##
##.#####.######.######.##.####.##
.....................#.##.a...(..
........)######.####.#'######.###
###.###### #.# #..........# # #..
#.# #..........# #
######.####..........# ..
..(((w.@@.............# ...
#######.####.<........# ...# #.#
#...)......# ...# #.#
#..........# .. #.# #..........#
.. #.# #..........# .< #.#
#..........# . #. #.[........#
#######.###


You could see Erica and a worm.

Vanquished Creatures
  A hungry ghost (D:7)
  A water moccasin (D:5)
  An orc warrior (D:6)
  An ice beast (D:6)
  3 sky beasts
  A black bear (D:5)
  A wasp (D:8)
  4 ogres (D:5)
  2 wolves
  5 centaurs
  A big kobold (Sewer)
  3 giant frogs
  Blork the orc (D:4)
  A gnoll sergeant (D:6)
  2 scorpions (D:7)
  A water moccasin skeleton (D:4)
  4 killer bees (D:7)
  7 wights
  3 crimson imps
  A quasit (D:7)
  A giant frog skeleton (D:4)
  10 orc priests
  2 hounds
  5 orc wizards
  2 centaur skeletons (D:5)
  5 worker ants
  A hound zombie (D:7)
  3 hound skeletons
  Robin (D:4)
  A howler monkey skeleton (D:7)
  11 adders
  6 gnolls
  2 river rats (Sewer)
  2 shadow imps
  2 adder skeletons
  A worm (D:4)
  A dart slug (D:1)
  2 giant geckos
  34 orcs
  12 ball pythons
  5 bats
  3 giant cockroaches
  16 goblins
  5 hobgoblins
  4 jackals (D:4)
  3 quokkas
  A giant gecko skeleton (D:6)
  6 giant newts
  17 kobolds
  A quokka skeleton (D:5)
  A quokka zombie (D:7)
  36 rats
246 creatures vanquished.

Vanquished Creatures (others)
  3 fungi (D:6)
3 creatures vanquished.

Grand Total: 249 creatures vanquished

Notes
Turn   | Place    | Note
--------------------------------------------------------------
     0 | D:1      | Gorice the Human Skald began the quest for the Orb.
     0 | D:1      | Reached XP level 1. HP: 16/16 MP: 3/3
     2 | D:1      | Noticed a vampire
     2 | D:1      | Noticed a halfling
     4 | D:1      | Noticed a naga
     4 | D:1      | Noticed a draconian
     6 | D:1      | Noticed a troll
     8 | D:1      | Noticed a human
     8 | D:1      | Noticed an elf
    10 | D:1      | Noticed a minotaur
    12 | D:1      | Noticed an octopode
    12 | D:1      | Noticed a demonspawn
    14 | D:1      | Noticed a dwarf
    14 | D:1      | Noticed a centaur
    16 | D:1      | Noticed a demigod
    16 | D:1      | Noticed a spriggan
    18 | D:1      | Noticed a tengu
    18 | D:1      | Noticed a merfolk
    20 | D:1      | Noticed a formicid
    20 | D:1      | Noticed a felid
    22 | D:1      | Noticed a ghoul
    22 | D:1      | Noticed a vine stalker
    24 | D:1      | Noticed a gargoyle
    26 | D:1      | Noticed an ogre
   251 | D:1      | Reached XP level 2. HP: 20/22 MP: 5/5
   524 | D:1      | Reached skill level 3 in Long Blades
   727 | D:1      | Reached XP level 3. HP: 19/27 MP: 6/6
  1220 | D:1      | Reached skill level 4 in Long Blades
  1220 | D:1      | Reached XP level 4. HP: 22/33 MP: 7/7
  1667 | D:3      | Noticed Jessica
  1787 | D:3      | Noticed Grinder
  1794 | D:3      | Reached XP level 5. HP: 37/38 MP: 8/8
  2092 | D:4      | Reached skill level 5 in Long Blades
  2145 | D:4      | Noticed Robin
  2194 | D:4      | Reached skill level 6 in Long Blades
  2194 | D:4      | Reached XP level 6. HP: 34/44 MP: 9/9
  2278 | D:4      | Killed Robin
  2468 | D:4      | Found a glowing drain.
  2509 | D:4      | HP: 11/44 [orc/flail (3)]
  2565 | Sewer    | Entered a sewer
  3361 | Sewer    | Reached XP level 7. HP: 39/50 MP: 10/10
  3525 | Sewer    | Reached skill level 7 in Long Blades
  3525 | Sewer    | Reached skill level 2 in Armour
  3803 | D:4      | Noticed Blork the orc
  3810 | D:4      | Killed Blork the orc
  3832 | D:4      | Found a deep blue altar of Sif Muna.
  4124 | D:5      | Entered Level 5 of the Dungeon
  4259 | D:5      | Reached skill level 3 in Armour
  4259 | D:5      | Reached XP level 8. HP: 45/56 MP: 11/11
  4308 | D:4      | Reached skill level 8 in Long Blades
  4898 | D:5      | HP: 12/56 [centaur (7)]
  5497 | D:5      | Reached skill level 9 in Long Blades
  5497 | D:5      | Reached skill level 4 in Armour
  5844 | D:5      | Reached XP level 9. HP: 21/61 MP: 12/12
  5846 | D:5      | HP: 18/61 [poisoned by a water moccasin]
  5851 | D:5      | HP: 14/61 [poisoned by a water moccasin]
  5856 | D:5      | HP: 12/61 [poisoned by a water moccasin]
  5861 | D:5      | HP: 10/61 [poisoned by a water moccasin]
  5867 | D:5      | HP: 9/61 [poisoned by a water moccasin]
  6048 | D:5      | Reached skill level 5 in Armour
  6098 | D:5      | Reached skill level 10 in Long Blades
  7481 | D:6      | Reached skill level 6 in Armour
  7766 | D:7      | Reached skill level 11 in Long Blades
  7952 | D:7      | Found Isilal's Distillery.
  7958 | D:7      | Bought a potion of haste for 130 gold pieces
  7958 | D:7      | Bought a potion of heal wounds for 65 gold pieces
  8051 | D:7      | Found Oboff's Gadget Shoppe.
  8290 | D:7      | Reached XP level 10. HP: 30/67 MP: 13/13
  8616 | D:7      | HP: 20/67 [poisoned by a killer bee]
  8621 | D:7      | HP: 13/67 [killer bee (5)]
  8625 | D:7      | HP: 3/67 [killer bee (7)]
  8626 | D:7      | HP: 1/67 [killer bee (3)]
  8631 | D:7      | HP: 14/67 [killer bee (2)]
  8636 | D:7      | HP: 8/67 [poisoned by a killer bee]
  8643 | D:7      | HP: 16/67 [killer bee (6)]
  8648 | D:7      | HP: 15/67 [poisoned by a killer bee]
  8656 | D:7      | HP: 15/67 [poisoned by a killer bee]
  9460 | D:7      | Found a staircase to the Ecumenical Temple.
  9477 | Temple   | Entered the Ecumenical Temple
  9535 | Temple   | Became a worshipper of the Shining One
  9561 | D:7      | Reached skill level 7 in Armour
  9646 | D:8      | Noticed Grum
  9989 | D:8      | Reached skill level 12 in Long Blades
 10119 | D:8      | Noticed Prince Ribbit
 10491 | D:8      | Paralysed by a wasp for 2 turns
 10492 | D:8      | HP: 20/67 [wasp (7)]
 10500 | D:8      | HP: 20/67 [poisoned by a wasp]
 10507 | D:8      | HP: 16/67 [poisoned by a wasp]
 10515 | D:8      | HP: 11/67 [poisoned by a wasp]
 10520 | D:8      | HP: 5/67 [wasp (7)]
 11400 | D:8      | Noticed Erica
 11413 | D:8      | HP: 19/67 [Erica/bolt of poison (17)]
 11418 | D:8      | HP: 15/67 [poisoned by Erica (bolt of poison)]
 11421 | D:8      | HP: 1/67 [Erica/scimitar of flaming (11)]
 11421 | D:8      | Slain by Erica

Skill      XL: |  1  2  3  4  5  6  7  8  9 10 |
---------------+-------------------------------+-----
Long Blades    | 3 4 6 7 9 11 12 | 12.3
Armour         | 3 4 6 7 |  7.5
Fighting       | |  2.0
Dodging        | |  1.0
Spellcasting   | |  2.0
Charms         | |  3.0

Action                   |  1- 3 |  4- 6 |  7- 9 | 10-12 || total
-------------------------+-------+-------+-------+-------++-------
Melee: Falchion          |    99 |    24 |       |       ||   123
       Dagger            |       |   266 |   420 |       ||   686
       Short sword       |       |       |    10 |   340 ||   350
 Fire: Blowgun           |       |       |    19 |       ||    19
Throw: Stone             |    10 |    24 |    34 |       ||    68
       Javelin           |       |     2 |    15 |       ||    17
       Tomahawk          |       |       |     7 |    18 ||    25
       Throwing net      |       |       |     1 |       ||     1
Evoke: Wand              |       |       |     7 |    13 ||    20
  Use: Scroll            |       |     7 |     9 |     2 ||    18
       Potion            |       |     1 |     3 |     7 ||    11
 Stab: Confused          |       |       |     2 |       ||     2
       Distracted        |       |       |     1 |       ||     1
  Eat: Chunk             |     1 |     7 |    13 |     4 ||    25
       Royal jelly       |       |       |     1 |     2 ||     3
       Meat ration       |       |       |       |     1 ||     1
       Beef jerky        |       |       |       |     1 ||     1
Armor: Leather armour    |    34 |       |       |       ||    34
       Chain mail        |    21 |   115 |   162 |   217 ||   515
       Scale mail        |       |    36 |       |       ||    36
       Skin              |       |       |     6 |       ||     6
Dodge: Dodged            |    63 |    91 |    96 |   118 ||   368

Table legend:
 A = Turns spent in this place as a percentage of turns spent in the entire game.
 B = Non-inter-level travel turns spent in this place as a percentage of non-inter-level travel turns spent in the entire game.
 C = Inter-level travel turns spent in this place as a percentage of turns spent in this place.
 D = Turns resting spent in this place as a percentage of non-inter-level travel turns spent in this place.
 E = Turns spent auto-exploring this place as a percentage of non-inter-level travel turns spent in this place.
 F = Non-inter-level travel turns spent in this place divided by the number of levels of this place that you've seen.
                   A       B       C       D       E      F
               +-------+-------+-------+-------+-------+----------------------
         Total | 100.0 | 100.0 |   0.5 |   2.5 |   3.4 | 470.7
       Dungeon |  86.9 |  86.8 |   0.5 |   2.6 |   3.6 | 511.0
        Temple |   0.7 |   0.7 |   2.9 |   0.0 |  42.4 |  33.0
         Sewer |  12.4 |  12.4 |   0.0 |   2.0 |   0.3 | 586.0
               +-------+-------+-------+-------+-------+----------------------

Vault maps used:
D:1:      kb_arrival_jail, serial_glass, glass_columns_a, glass_columns_b,
          glass_columns_b, glass_columns_b, glass_columns_a, glass_columns_a,
          glass_columns_a, glass_columns_c, minmay_shallow_snake_nest
D:2:      first_bread
D:3:      uniq_jessica, uniq_grinder, uniq_natasha, uniq_sigmund
D:4:      led_sif_pool, portal_sewer_entry_c, serial_park_tiny_pond,
          uniq_blork_the_orc, uniq_robin
D:6:      serial_aquarium, aquarium_bridge_long_joined, aquarium_window_fake,
          aquarium_window_2, aquarium_window_1, aquarium_window_fake,
          aquarium_view_2a, aquarium_balcony_3b, aquarium_pool_five
D:7:      minmay_temple_entry_nine_rooms, serial_shops, shop_fountains, shop
D:8:      hangedman_pestilent_swarm, uniq_grum, uniq_prince_ribbit1, uniq_erica
Temple:   grunt_wide_crystal_templ_18
Sewer:    sewer_minmay_treatment
